Map: Pillars of Gold LE

Players

WhyYouSoFast

  • Race: Protoss Protoss
  • League: Gold
  • Spawn Location: 1:00

ViBE - Winner!

  • Race: Terran Terran
  • League: Gold
  • Spawn Location: 7:00

VOD

Have the link to the VOD?

Description

Time

  • Played on: March 24, 2021, 10:51 p.m.
  • Length: 14:11
Show
View Real Time Build Order
Export as new Build Order

WhyYouSoFast Protoss 

Build Orders: 1 Gate Expand, Archon Immortal 

Get SALT Encoding   

  12  0:00  Probe  
  13  0:12  Probe  
  14  0:21  Pylon  
  14  0:24  Probe  
  15  0:39  Probe (Chrono Boost)  
  16  0:48  Gateway  
  16  0:51  Probe (Chrono Boost)  
  16  0:54  Assimilator  
  17  1:00  Probe (Chrono Boost)  
  18  1:05  Probe  
  19  1:18  Probe  
  20  1:29  Nexus  
  20  1:45  Cybernetics Core  
  21  1:47  Probe  
  21  1:53  Assimilator  
  21  1:59  Probe  
  22  2:05  Pylon  
  22  2:11  Probe  
  23  2:23  Probe (Chrono Boost)  
  24  2:31  Stalker, Warp Gate  
  24  2:35  Probe (Chrono Boost)  
  27  2:41  Probe (Chrono Boost), Robotics Facility  
  27  2:42  Probe (Chrono Boost)  
  31  2:52  Probe (Chrono Boost)  
  31  2:53  Probe (Chrono Boost)  
  31  2:57  Probe (Chrono Boost)  
  31  3:01  Probe  
  31  3:04  Sentry (Chrono Boost)  
  35  3:09  Probe  
  36  3:16  Probe (Chrono Boost), Gateway  
  37  3:21  Probe (Chrono Boost)  
  39  3:29  Observer  
  39  3:30  Probe x2 (Chrono Boost)  
  39  3:33  Stalker  
  43  3:35  Probe (Chrono Boost)  
  43  3:37  Pylon  
  43  3:38  Probe  
  45  3:47  Probe  
  46  3:55  Probe, Immortal  
  46  3:59  Probe  
  52  4:05  Nexus  
  52  4:07  Probe  
  53  4:11  Probe (Chrono Boost)  
  53  4:14  Assimilator  
  54  4:28  Assimilator  
  54  4:31  Pylon  
  54  4:45  Twilight Council  
  54  4:49  Probe x2, Pylon, Immortal  
  54  4:52  Pylon  
  60  4:55  Gateway  
  60  5:01  Probe x2  
  62  5:13  Probe x2  
  64  5:18  Charge (Chrono Boost)  
  64  5:20  Forge  
  64  5:25  Probe x2  
  64  5:27  Probe  
  71  5:28  Immortal  
  71  5:29  Templar Archives  
  71  5:35  Shield Battery, Stalker  
  73  5:37  Probe x2, Shield Battery  
  73  5:38  Stalker  
  73  5:39  Probe  
  78  5:49  Probe x2  
  80  5:51  Probe  
  80  5:55  Pylon  
  80  5:56  Psionic Storm  
  81  5:57  Pylon  
  81  6:00  Zealot x2  
  81  6:01  Probe x2, Pylon  
  81  6:03  Probe (Chrono Boost), Protoss Ground Weapons Level 1  
  88  6:14  Probe (Chrono Boost)  
  88  6:15  Probe x2 (Chrono Boost)  
  95  6:18  Immortal  
  95  6:23  Probe x2 (Chrono Boost)  
  97  6:27  Probe (Chrono Boost)  
  97  6:28  Photon Cannon  
  97  6:30  Shield Battery  
  97  6:31  Assimilator  
  98  6:35  Assimilator  
  98  6:36  High Templar  
  100  6:42  High Templar  
  100  6:44  Zealot  
  100  6:46  Probe  
  105  6:50  Pylon  
  105  6:53  Pylon  
  105  6:54  Gateway  
  105  6:55  Probe  
  105  6:59  Gateway  
  105  7:00  Photon Cannon x2  
  98  7:12  Probe (Chrono Boost)  
  98  7:13  Immortal (Chrono Boost)  
  97  7:16  Probe x2 (Chrono Boost)  
  97  7:21  High Templar x2  
  104  7:22  Zealot  
  104  7:23  Probe (Chrono Boost)  
  104  7:26  Probe x2 (Chrono Boost)  
  104  7:27  Probe (Chrono Boost)  
  109  7:36  Probe x2  
  111  7:38  Probe  
  111  7:41  Nexus  
  112  7:48  Probe x2  
  112  7:50  Probe  
  115  7:52  High Templar x2  
  115  7:54  Zealot x3  
  115  7:57  Archon  
  125  8:07  Gateway  
  125  8:09  Photon Cannon  
  125  8:10  Probe x2  
  125  8:12  Probe, Shield Battery  
  128  8:15  Pylon  
  128  8:20  High Templar x2  
  128  8:22  Probe  
  128  8:25  Protoss Ground Weapons Level 2 (Chrono Boost)  
  128  8:27  Pylon  
  133  8:29  Pylon  
  133  8:31  Pylon  
  133  8:32  Immortal (Chrono Boost)  
  133  8:33  Pylon  
  133  8:34  Probe  
  134  8:39  High Templar  
  140  8:41  Gateway  
  140  8:42  Gateway  
  140  8:44  Gateway  
  140  8:46  High Templar  
  140  8:48  Zealot  
  144  8:50  Archon  
  144  9:03  Zealot x3  
  150  9:10  Gateway  
  150  9:13  Probe  
  150  9:14  Gateway  
  150  9:16  Assimilator  
  151  9:17  Gateway  
  151  9:19  Photon Cannon  
  151  9:20  Assimilator  
  151  9:22  Pylon  
  151  9:23  Photon Cannon  
  151  9:26  Photon Cannon  
  151  9:28  Zealot x3, Shield Battery  
  151  9:29  Zealot  
  158  9:34  Pylon  
  158  9:36  Pylon  
  149  9:41  Probe x2  
  149  9:42  High Templar x3  
  149  9:43  High Templar x2  
  159  9:46  Archon  
  159  9:47  Archon  
  159  9:49  High Templar, Zealot  
  159  9:50  Zealot x2  
  167  9:53  Archon  
  167  10:01  Nexus  
  170  10:07  Probe (Chrono Boost)  
  170  10:10  Probe (Chrono Boost)  
  170  10:11  High Templar x3  
  170  10:12  Probe (Chrono Boost)  
  176  10:15  High Templar  
  176  10:17  Probe (Chrono Boost)  
  176  10:19  Probe (Chrono Boost)  
  176  10:20  Probe (Chrono Boost)  
  181  10:21  Probe (Chrono Boost)  
  181  10:22  Assimilator  
  155  10:29  Probe  
  155  10:31  Probe  
  127  10:42  Zealot x4  
  131  10:43  Zealot x4  
  131  10:46  Archon x2  
  139  10:53  High Templar x3  
  139  10:54  Warp Prism (Chrono Boost)  
  139  10:55  Protoss Ground Weapons Level 3 (Chrono Boost)  
  145  11:02  Zealot  
  149  11:06  Probe (Chrono Boost)  
  149  11:07  Probe x2 (Chrono Boost)  
  152  11:17  Probe x3 (Chrono Boost)  
  155  11:18  High Templar  
  155  11:19  High Templar x2  
  155  11:23  Zealot x4, Immortal  
  173  11:33  Probe x3  
  173  11:35  Archon  
  173  11:36  High Templar  
  173  11:37  High Templar, Zealot x2  
  184  11:45  Probe  
  185  11:49  Probe  
  185  11:50  Probe  
  185  11:52  Assimilator  
  187  11:54  Assimilator  
  187  11:55  High Templar  
  187  11:57  Probe, High Templar x2  
  187  11:58  Zealot x2  
  187  11:59  Zealot  
  187  12:01  Archon x3  
  116  13:02  Zealot x3  
  116  13:03  Zealot x6  
  107  13:09  Immortal (Chrono Boost)  
  107  13:24  High Templar  
  107  13:25  High Templar x4  
  107  13:26  High Templar x3  
  109  13:30  Archon x3  
  109  13:31  Archon  
  109  13:46  Zealot  
  113  14:04  Zealot x6  
  113  14:05  Zealot x2  
Show
View Real Time Build Order
Export as new Build Order

ViBE Terran - Winner!

Build Orders:  

Get SALT Encoding   

  12  0:00  SCV  
  13  0:12  SCV  
  14  0:18  Supply Depot  
  14  0:25  SCV  
  15  0:40  SCV  
  15  0:42  Barracks  
  16  0:47  Refinery  
  16  0:52  SCV  
  17  1:04  SCV  
  18  1:16  SCV  
  19  1:28  Orbital Command  
  19  1:29  Marine  
  20  1:42  Command Center  
  20  1:47  Marine  
  21  1:54  Supply Depot  
  21  1:58  SCV  
  22  2:05  Marine  
  23  2:16  SCV, Factory  
  24  2:28  Barracks Reactor, SCV  
  25  2:40  SCV  
  26  2:52  SCV  
  26  2:54  Orbital Command  
  27  3:00  Factory Tech Lab  
  27  3:02  Barracks  
  27  3:04  SCV  
  28  3:06  Marine x2  
  28  3:07  Refinery  
  30  3:16  SCV  
  30  3:17  Supply Depot  
  34  3:20  Siege Tank  
  34  3:21  SCV  
  35  3:28  SCV, Marine  
  35  3:29  Marine  
  35  3:33  SCV  
  39  3:40  Supply Depot  
  39  3:41  SCV  
  40  3:45  SCV  
  41  3:49  Starport  
  41  3:50  Barracks Tech Lab  
  41  3:53  SCV  
  41  3:54  Marine x2  
  44  3:58  SCV  
  45  4:05  SCV, Supply Depot  
  45  4:08  Siege Tank  
  45  4:09  Marine  
  50  4:10  SCV  
  50  4:12  Marine x2  
  53  4:17  SCV  
  53  4:22  SCV  
  55  4:29  SCV  
  55  4:31  Command Center  
  56  4:32  Marine x2  
  56  4:33  Marine  
  56  4:34  SCV  
  56  4:36  Starport Reactor  
  60  4:40  Supply Depot  
  60  4:44  SCV  
  61  4:46  SCV  
  61  4:49  Siege Tank  
  65  4:56  SCV  
  65  4:57  Refinery  
  65  4:58  SCV, Stimpack  
  65  4:59  Refinery  
  67  5:05  Marine x3  
  67  5:06  Supply Depot  
  70  5:08  SCV  
  70  5:10  SCV  
  72  5:16  Medivac  
  72  5:20  SCV  
  75  5:22  SCV  
  75  5:23  Marine x2  
  75  5:26  Engineering Bay  
  75  5:27  Marine, Engineering Bay  
  79  5:32  SCV  
  79  5:34  SCV  
  81  5:41  Marine x2  
  83  5:44  Orbital Command, SCV  
  83  5:45  Marine  
  83  5:46  SCV  
  83  5:47  Barracks  
  83  5:49  Medivac  
  88  5:50  Barracks  
  88  5:51  Medivac  
  88  5:56  SCV  
  91  5:57  Terran Infantry Weapons Level 1  
  91  5:58  Terran Infantry Armor Level 1  
  91  5:59  SCV  
  92  6:09  Marine x3  
  92  6:10  Orbital Command  
  95  6:15  Armory  
  95  6:17  Supply Depot  
  95  6:20  Supply Depot  
  95  6:21  Supply Depot  
  95  6:29  SCV x2  
  97  6:36  SCV  
  97  6:37  Command Center  
  97  6:38  Barracks Reactor  
  97  6:39  Barracks Reactor  
  98  6:41  SCV x2, Marine x3  
  98  6:45  Medivac  
  98  6:46  Combat Shield  
  105  6:50  Medivac  
  107  6:56  SCV x3  
  107  7:01  Marine x3  
  110  7:03  Terran Vehicle Weapons Level 1  
  113  7:09  SCV x2  
  113  7:13  SCV  
  111  7:16  Marine x4  
  111  7:18  Thor  
  111  7:19  Marine x3, Medivac  
  111  7:21  SCV x2  
  125  7:24  Supply Depot  
  125  7:25  Supply Depot  
  125  7:28  Supply Depot  
  125  7:29  Supply Depot  
  125  7:37  Marine x2  
  125  7:38  SCV x3, Marine x3  
  125  7:44  Refinery  
  133  7:45  Refinery, Marine x2  
  133  7:48  Supply Depot  
  133  7:50  SCV, Planetary Fortress, Supply Depot  
  136  7:55  Marine x5  
  141  7:58  SCV  
  141  7:59  SCV  
  141  8:02  SCV, Command Center  
  144  8:11  SCV x2  
  144  8:12  Marine x2  
  147  8:13  Marine x4  
  147  8:14  SCV  
  147  8:15  Thor  
  147  8:17  Medivac x2  
  163  8:23  SCV x2  
  165  8:27  Barracks  
  165  8:28  Barracks x2  
  165  8:39  Marine x5  
  165  8:40  Marine x2  
  172  8:45  SCV x4  
  176  8:51  Supply Depot  
  176  8:56  Terran Infantry Armor Level 2, Terran Infantry Weapons Level 2  
  176  8:57  Terran Vehicle Weapons Level 2  
  176  9:00  Thor  
  77  9:02  Medivac  
  182  9:04  Marine x5  
  182  9:05  Marine x2  
  191  9:10  SCV x2  
  191  9:11  SCV  
  191  9:13  Planetary Fortress  
  194  9:28  Barracks Reactor x3  
  192  9:36  Starport  
  192  9:37  Factory  
  186  9:38  Barracks  
  186  9:40  Barracks  
  186  9:43  Barracks  
  186  9:45  Barracks  
  186  9:46  Barracks  
  186  9:48  Barracks, Marine  
  186  9:49  Marauder, Marine x4  
  186  9:50  Thor  
  195  10:04  Barracks  
  195  10:06  Barracks x2  
  185  10:15  Command Center  
  185  10:27  Factory Tech Lab, Starport Reactor  
  185  10:28  Barracks Tech Lab x2  
  170  10:30  Barracks Tech Lab  
  170  10:31  Marauder  
  170  10:32  Barracks Tech Lab  
  170  10:33  Barracks Reactor  
  170  10:34  Barracks Reactor  
  170  10:35  Marine x10  
  132  10:36  Thor  
  132  10:37  Medivac x2  
  143  10:47  Marine x5  
  135  10:52  Marine  
  135  10:53  Marine x9  
  143  11:00  Barracks Reactor x3  
  143  11:03  Thor  
  149  11:06  Marine  
  149  11:07  Marine x6  
  149  11:10  Marine  
  149  11:11  Marine x9  
  160  11:19  Thor  
  160  11:20  Terran Infantry Weapons Level 3  
  160  11:22  Marine  
  160  11:23  Marine x3  
  160  11:24  Marine x5  
  160  11:25  Marine x2  
  177  11:27  Command Center  
  177  11:28  Marine x2  
  177  11:29  Marine x4  
  183  11:33  Command Center  
  183  11:36  Command Center  
  183  11:39  Marine x9  
  187  11:40  Marine  
  187  11:44  Marine x7  
  187  11:46  Concussive Shells  
  200  12:12  Planetary Fortress  
  199  12:42  Marauder x4, Marine x6  
  199  12:43  Marine  
  197  12:55  Medivac x3  
  197  12:56  Thor, Medivac  
  197  12:57  Thor  
  197  12:58  Marine x10  
  155  12:59  Marine x7  
  155  13:00  Marine x5  
  155  13:01  Marine  
  176  13:05  Orbital Command x2  
  175  13:13  Command Center  
  172  13:23  Marauder x4, Marine x6  
  172  13:24  Marauder, Marine x13  
  172  13:25  Marine  
  200  13:40  Command Center  
  200  13:43  Command Center x2  
Tags
 
Composition
Archon Immortal
League
GoldGold
Matchup
PvT
Player
ViBE
Replay Pack
Gold_League
Spawn Locations
Cross Positions
Add a new tag
Caveats
  • Supply blocks, unpowered buildings, or Contaminate may cause inaccurate times.
  • Supply counts are checked every 10 seconds.